[Event "fics rated crazyhouse match"]
[Site "fics, Oklahoma City, OK USA"]
[Date "2000.02.17"]
[White "pminear"]
[WhiteElo "2477"]
[Black "XXNoWay"]
[BlackElo "2236"]
[TimeControl "60+0"]
[Result "1-0"]

1. e4 d6 2. Nc3 Nf6 3. d4 Nc6 4. Nf3 Bg4 5. d5 Bxf3 6. gxf3 
Ne5 7. B@g2 e6 8. Bb5+ Nfd7 9. dxe6 fxe6 10. f4 Nc6 11. P@d5 Be7 
12. dxe6 O-O 13. exd7 Qxd7 14. Bc4+ Kh8 15. P@e6 Qd8 16. N@f7+ Rxf7 17. exf7 
N@f6 18. R@g8+ Nxg8 19. fxg8=Q+ Qxg8 20. Bxg8 N@h4 21. Rg1 R@g6 22. Qd5 Rxg2 
23. N@f7+ Kxg8 24. Q@h8# 
{XXNoWay checkmated} 1-0

[Event "fics rated crazyhouse match"]
[Site "fics, Oklahoma City, OK USA"]
[Date "2000.02.17"]
[White "XXNoWay"]
[WhiteElo "2233"]
[Black "pminear"]
[BlackElo "2480"]
[TimeControl "60+0"]
[Result "0-1"]

1. e4 e5 2. Nc3 Nc6 3. Bb5 Bc5 4. Bxc6 dxc6 5. Nf3 Bg4 6. d3 
B@h5 7. Be3 Bxe3 8. fxe3 Bxf3 9. gxf3 B@g2 10. Rf1 Bxf1 11. Kxf1 N@h4 
12. B@g2 Nxg2 13. Kxg2 Qg5+ 14. B@g3 Bxf3+ 15. Qxf3 B@g4 16. Qf2 P@f3+ 17. Kh1 
R@g2 18. Qxg2 fxg2+ 19. Kxg2 Qxe3 20. B@f1 Qf3# 
{XXNoWay resigns} 0-1

[Event "fics rated crazyhouse match"]
[Site "fics, Oklahoma City, OK USA"]
[Date "2000.02.17"]
[White "venomous"]
[WhiteElo "2427"]
[Black "spurs"]
[BlackElo "2254"]
[TimeControl "60+0"]
[Result "0-1"]

1. e4 e6 2. d4 d5 3. Bd2 dxe4 4. Nc3 Nc6 5. Bb5 Qxd4 6. Nge2 
Qd8 7. Nxe4 Be7 8. Bf4 Nf6 9. Qxd8+ Bxd8 10. Nxf6+ Bxf6 11. Bxc7 P@d2+ 
12. Kf1 O-O 13. Bxc6 bxc6 14. P@e5 P@f3 15. Rg1 fxe2+ 16. Kxe2 N@d4+ 17. Kd3 
B@e2+ 18. Kxd2 N@c4+ 19. Kc3 Q@d2# 
{venomous checkmated} 0-1

[Event "fics rated crazyhouse match"]
[Site "fics, Oklahoma City, OK USA"]
[Date "2000.02.17"]
[White "spurs"]
[WhiteElo "2266"]
[Black "venomous"]
[BlackElo "2415"]
[TimeControl "60+0"]
[Result "1-0"]

1. d4 e6 2. Nf3 Be7 3. e4 Nf6 4. Nc3 d5 5. e5 Ne4 6. Bd3 
Bb4 7. O-O Bxc3 8. bxc3 Nxc3 9. Qe1 P@e4 10. Qxc3 exf3 11. gxf3 N@h3+ 
12. Kh1 Nc6 13. P@g2 Ng5 14. B@b5 Bd7 15. N@h5 Rg8 16. Bxc6 Bxc6 17. Nxg7+ 
Rxg7 18. N@f6+ Kf8 19. Bxg5 Rxg5 20. Nxh7+ Ke8 21. N@f6+ Ke7 22. Nxg5 B@f4 
23. P@d6+ cxd6 24. exd6+ Bxd6 25. P@e5 B@f4 26. exd6+ Bxd6 27. P@e5 P@c7 28. exd6+ 
cxd6 29. Nxf7 Kxf7 30. B@g6+ Kxf6 31. R@f7+ Kg5 32. B@f4+ Kh4 33. g3+ Kh3 
34. P@g2# 
{venomous checkmated} 1-0

[Event "fics rated crazyhouse match"]
[Site "fics, Oklahoma City, OK USA"]
[Date "2000.02.17"]
[White "venomous"]
[WhiteElo "2404"]
[Black "spurs"]
[BlackElo "2277"]
[TimeControl "60+0"]
[Result "1-0"]

1. e4 e6 2. d4 d5 3. e5 Ne7 4. Nh3 Nf5 5. Be3 Be7 6. Be2 
Nc6 7. O-O Nh4 8. Nc3 Rg8 9. f3 Nf5 10. Qd2 Nxe3 11. Qxe3 Bg5 
12. f4 Be7 13. N@h5 Nxd4 14. Qxd4 B@c5 15. Qxc5 Bxc5+ 16. B@f2 Bxf2+ 17. Nxf2 
Qh4 18. B@g3 Qd8 19. Ng4 B@b6+ 20. Kh1 P@e7 21. Na4 Bd7 22. Nxb6 axb6 
23. B@h4 N@e4 24. Bd3 Nxg3+ 25. hxg3 B@e4 26. Bxe4 dxe4 27. N@g5 B@f5 28. N@e3 
Bxg4 29. Nxg4 h6 30. Nh7 N@f8 31. Nxf8 Rxf8 32. Nxg7# 
{spurs checkmated} 1-0

[Event "fics rated crazyhouse match"]
[Site "fics, Oklahoma City, OK USA"]
[Date "2000.02.17"]
[White "spurs"]
[WhiteElo "2272"]
[Black "venomous"]
[BlackElo "2409"]
[TimeControl "60+0"]
[Result "0-1"]

1. d4 e6 2. Nf3 Be7 3. e4 Nc6 4. Nc3 Nf6 5. Bg5 d5 6. Bxf6 
Bxf6 7. Bb5 dxe4 8. Nxe4 B@g6 9. Nxf6+ gxf6 10. Bxc6+ bxc6 11. N@g7+ Kf8 
12. B@h6 Kg8 13. Nxe6 Bxe6 14. P@g7 N@f5 15. gxh8=Q+ Kxh8 16. P@g7+ Nxg7 17. Bxg7+ 
Kxg7 18. N@f4 N@f5 19. N@h5+ Kf8 20. R@h8+ B@g8 21. Nxe6+ fxe6 22. Qe2 B@d5 
23. Nxf6 Qxf6 24. B@e5 Qxe5 25. Nxe5 N@f4 26. Nxg6+ hxg6 27. P@h7 Nxg2+ 28. Kd1 
Kg7 29. hxg8=Q+ Rxg8 30. Q@h7+ Kf6 31. Qe5+ Kg5 32. B@f6+ Kg4 33. B@h3+ Kf3 
34. Qe2+ Kf4 35. Qd2+ Ke4 36. Qd3+ Kf4 37. Bxf5 B@f3+ 38. Kc1 P@d2+ 39. Qxd2+ 
P@e3 40. fxe3+ Kxf5 41. P@g4+ Kxg4 42. N@g3 N@b3+ 43. cxb3 N@d3+ 44. Kb1 B@c2+ 
45. Kxc2 Nb4+ 46. Kc1 Bde4 47. Qc2 Be2 48. h3+ Kf3 
{spurs forfeits on time} 0-1

[Event "fics rated crazyhouse match"]
[Site "fics, Oklahoma City, OK USA"]
[Date "2000.02.17"]
[White "venomous"]
[WhiteElo "2414"]
[Black "spurs"]
[BlackElo "2267"]
[TimeControl "60+0"]
[Result "1-0"]

1. e4 e6 2. d4 d5 3. e5 Ne7 4. Nh3 Nf5 5. Be3 Nc6 6. Be2 
Nxe3 7. fxe3 B@f5 8. N@f4 Be7 9. O-O Bg5 10. Nxg5 Qxg5 11. B@g3 h5 
12. Bxh5 N@e4 13. P@h4 Qe7 14. Nc3 Nxc3 15. bxc3 N@e4 16. N@g5 Nxg5 17. hxg5 
Qxg5 18. N@f3 Qe7 19. Nh4 P@g5 20. Nxf5 exf5 21. Nxd5 Qd7 22. B@c4 N@e6 
23. Rxf5 Rxh5 24. Qxh5 B@g6 25. Qh8+ N@f8 26. P@e7 Nxe7 27. Nxe7 Qxe7 28. P@f6 
gxf6 29. exf6 Qa3 30. P@e7 Bxf5 31. R@d8+ Nxd8 32. Qxf8+ Kd7 33. exd8=Q+ Kc6 
34. Qxc7# 
{spurs checkmated} 1-0

[Event "fics rated crazyhouse match"]
[Site "fics, Oklahoma City, OK USA"]
[Date "2000.02.17"]
[White "spurs"]
[WhiteElo "2262"]
[Black "venomous"]
[BlackElo "2419"]
[TimeControl "60+0"]
[Result "0-1"]

1. d3 e6 2. Nf3 Nf6 3. e4 Nc6 4. Nc3 Bb4 5. Bg5 d6 6. Be2 
h6 7. Bxf6 Qxf6 8. O-O B@h5 9. d4 Bxf3 10. Bxf3 Nxd4 11. B@e2 Nxf3+ 
12. Bxf3 N@d4 13. N@h5 Nxf3+ 14. gxf3 Qg5+ 15. N@g3 Bxc3 16. N@h3 Qh4 17. bxc3 
Qxh3 18. B@g2 Qh4 19. Nxg7+ Kd8 20. e5 B@d5 21. exd6 cxd6 22. Qxd5 exd5 
23. N7f5 Bxf5 24. Nxf5 N@e2+ 25. Kh1 N@g3+ 26. fxg3 Q@g1+ 27. Rxg1 N@f2# 
{spurs checkmated} 0-1

[Event "fics rated crazyhouse match"]
[Site "fics, Oklahoma City, OK USA"]
[Date "2000.02.17"]
[White "venomous"]
[WhiteElo "2424"]
[Black "spurs"]
[BlackElo "2257"]
[TimeControl "60+0"]
[Result "0-1"]

1. e4 e6 2. d4 d5 3. e5 Ne7 4. Nh3 Nf5 5. Be3 Bb4+ 6. c3 
Be7 7. Bd3 Nxe3 8. fxe3 B@e4 9. Bxe4 dxe4 10. O-O B@d3 11. Rxf7 Kxf7 
12. P@e2 Rf8 13. exd3 exd3 14. Qxd3 Kg8 15. P@f6 Bxf6 16. exf6 Qxf6 17. Nd2 
P@f2+ 18. Kh1 R@e1+ 19. Rxe1 fxe1=Q+ 20. N@f1 Qexf1+ 21. Nxf1 Qxf1+ 22. Qxf1 Rxf1+ 
23. B@g1 N@f2+ 24. Nxf2 Rxg1+ 25. Kxg1 N@e2+ 26. Kf1 R@g1+ 27. Kxe2 B@f1+ 28. Kf3 
Q@e2+ 29. Kg3 Rxg2+ 30. Kh3 P@g4+ 31. Kh4 Qxf2+ 32. B@g3 Rxh2+ 33. Kxg4 Qf5# 
{venomous checkmated} 0-1

[Event "fics rated crazyhouse match"]
[Site "fics, Oklahoma City, OK USA"]
[Date "2000.02.17"]
[White "spurs"]
[WhiteElo "2269"]
[Black "venomous"]
[BlackElo "2412"]
[TimeControl "60+0"]
[Result "0-1"]

1. d4 e6 2. e4 Nf6 3. Nf3 Nxe4 4. Bd3 d5 5. Bxe4 dxe4 6. Ng5 
B@h4 7. Nxe4 Nc6 8. Be3 P@f5 9. Ng3 Bxg3 10. hxg3 N@c4 11. O-O Nxb2 
12. Qf3 Nc4 13. B@b5 Nxe3 14. Bxc6+ bxc6 15. fxe3 B@e4 16. Qf2 B@d5 17. N@e5 
Bxg2 18. Nxf7 Bxf1 19. Nxh8 R@h1# 
{spurs checkmated} 0-1

[Event "fics rated crazyhouse match"]
[Site "fics, Oklahoma City, OK USA"]
[Date "2000.02.17"]
[White "venomous"]
[WhiteElo "2417"]
[Black "spurs"]
[BlackElo "2264"]
[TimeControl "60+0"]
[Result "1-0"]

1. e4 e6 2. d4 d5 3. e5 Ne7 4. Nh3 Nf5 5. Be3 Bb4+ 6. c3 
Be7 7. Bd3 Bd7 8. O-O a6 9. Nd2 Bb5 10. Bxb5+ axb5 11. B@d3 B@c4 
12. Nxc4 bxc4 13. Bxf5 exf5 14. N@h5 Rg8 15. N3f4 B@g4 16. f3 Bxh5 17. Nxh5 
Bg5 18. f4 N@g4 19. fxg5 Nxe3 20. Qf3 Qxg5 21. B@f4 P@g4 22. Qxe3 Qxh5 
23. N@g3 Qg6 24. e6 fxe6 25. B@h5 B@f7 26. Bxg6 hxg6 27. Q@c8+ B@d8 28. Qxb7 
N@b6 29. B@b5+ P@d7 30. Bxc7 Bxc7 31. Qxc7 B@d8 32. Qd6 N@e4 33. Nxe4 fxe4 
34. Rxf7 Kxf7 35. N@e5+ Kf6 36. B@g5+ Kf5 37. Qf4# 
{spurs checkmated} 1-0

[Event "fics rated crazyhouse match"]
[Site "fics, Oklahoma City, OK USA"]
[Date "2000.02.17"]
[White "spurs"]
[WhiteElo "2259"]
[Black "venomous"]
[BlackElo "2422"]
[TimeControl "60+0"]
[Result "1-0"]

1. d4 e6 2. Nf3 Nf6 3. Bg5 Be7 4. Bxf6 Bxf6 5. e4 Nc6 6. Nc3 
d6 7. Bb5 Bd7 8. Bxc6 bxc6 9. e5 dxe5 10. dxe5 Be7 11. N@h5 B@f8 
12. N@e4 B@g4 13. P@f6 Bxh5 14. fxe7 Bxe7 15. B@f6 gxf6 16. exf6 Bxf6 17. Nxf6+ 
Qxf6 18. B@e5 Qxe5+ 19. Nxe5 Bxd1 20. Rxd1 B@d6 21. B@f6 P@d2+ 22. Rxd2 Rg8 
23. Rxd6 cxd6 24. Q@e7# 
{venomous checkmated} 1-0

[Event "fics rated crazyhouse match"]
[Site "fics, Oklahoma City, OK USA"]
[Date "2000.02.17"]
[White "venomous"]
[WhiteElo "2411"]
[Black "spurs"]
[BlackElo "2270"]
[TimeControl "60+0"]
[Result "1-0"]

1. e4 e6 2. d4 d5 3. e5 Ne7 4. Nh3 Nf5 5. Be3 Be7 6. Be2 
Nc6 7. O-O Bd7 8. Nc3 Nb4 9. Nf4 a6 10. Nh5 Rg8 11. Bd3 Nxd3 
12. cxd3 B@g6 13. N@f4 Nxe3 14. fxe3 Bxh5 15. Nxh5 B@g6 16. Rc1 Bxh5 17. Qxh5 
N@g5 18. B@h4 N@h8 19. Bxg5 Bxg5 20. Qxh7 Bxe3+ 21. B@f2 Rf8 22. Bxe3 B@g6 
23. Qxg7 Bxd3 24. N@f6+ Qxf6 25. Qxf6 P@e7 26. N@g7+ Kd8 27. Qh4 N@g6 28. Qg3 
P@h4 29. Qf2 Be4 30. Nxe4 dxe4 31. P@d6 cxd6 32. Q@c7# 
{spurs checkmated} 1-0

[Event "fics rated crazyhouse match"]
[Site "fics, Oklahoma City, OK USA"]
[Date "2000.02.17"]
[White "LSS"]
[WhiteElo "2530"]
[Black "VanceIII"]
[BlackElo "2033"]
[TimeControl "120+0"]
[Result "1-0"]

1. e4 d5 2. exd5 e5 3. dxe6 Bxe6 4. Nc3 Nf6 5. Nf3 Bb4 6. Be2 
Qe7 7. O-O Nc6 8. P@e5 Bxc3 9. dxc3 Ng4 10. B@h4 P@f6 11. exf6 gxf6 
12. P@h3 Nge5 13. Nxe5 Nxe5 14. N@g7+ Kf8 15. Bh6 Kg8 16. Nh5 N@f5 17. Nxf6+ 
Qxf6 18. Bxf6 P@g7 19. Bhxg7 N@h5 20. Bxe5 Nhxg7 21. Bxg7 Nxg7 22. P@e7 B@g5 
23. Qd8+ Rxd8 24. N@h6+ Bxh6 25. exd8=Q+ N@e8 26. N@f6# 
{VanceIII resigns} 1-0

[Event "fics rated crazyhouse match"]
[Site "fics, Oklahoma City, OK USA"]
[Date "2001.02.17"]
[White "Tecumseh"]
[WhiteElo "2285"]
[Black "LINDEGREN"]
[BlackElo "2362"]
[TimeControl "180+0"]
[Result "0-1"]

1. e4 Nf6 2. e5 Nd5 3. Nc3 e6 4. Nxd5 exd5 5. d4 d6 6. Nf3 
Nc6 7. Bb5 Bd7 8. Qe2 N@e4 9. exd6 Bxd6 10. P@d3 P@f5 11. dxe4 fxe4 
12. N@h5 Rg8 13. Bg5 P@f6 14. Bxf6 gxf6 15. N@g7+ Kf8 16. Bxc6 bxc6 17. N@f5 
exf3 18. gxf3 B@g2 19. Nxd6 cxd6 20. B@h6 B@e4 21. Ne6+ Ke7 22. Nxd8 Bxf3 
23. Nxf6 Bxe2 24. Nxc6+ Bxc6 25. Nxg8+ Rxg8 26. P@f6+ Kxf6 27. P@g5+ Kg6 28. Q@f6+ 
Kh5 29. R@h4+ Kxh4 30. g6+ Kh3 31. Rg1 N@g2+ 32. Rxg2 Q@f1+ 33. Kd2 N@c4+ 
34. Kc3 N@b5+ 35. Kb4 a5+ 36. Ka4 Nxd4+ 37. P@b5 Bxb5# 
{Tecumseh checkmated} 0-1

[Event "fics rated crazyhouse match"]
[Site "fics, Oklahoma City, OK USA"]
[Date "2001.02.17"]
[White "LINDEGREN"]
[WhiteElo "2368"]
[Black "Tecumseh"]
[BlackElo "2279"]
[TimeControl "180+0"]
[Result "1-0"]

1. e4 Nc6 2. Nc3 Nf6 3. d4 d5 4. exd5 Nxd5 5. Nf3 Nxc3 6. bxc3 
e6 7. Bd3 Be7 8. O-O h5 9. P@g6 fxg6 10. Bxg6+ P@f7 11. Bxf7+ Kxf7 
12. N@e5+ Kg8 13. P@f7+ Kf8 14. Nxc6 bxc6 15. N@g6+ Kxf7 16. Nfe5+ Kg8 17. P@f7+ 
Kh7 18. Qxh5+ P@h6 19. Nxe7 Rf8 20. B@g8+ Rxg8 21. fxg8=Q+ Qxg8 22. P@g6+ Kh8 
23. Nf7# 
{Tecumseh resigns} 1-0

[Event "fics rated crazyhouse match"]
[Site "fics, Oklahoma City, OK USA"]
[Date "2001.02.17"]
[White "Tecumseh"]
[WhiteElo "2273"]
[Black "LINDEGREN"]
[BlackElo "2374"]
[TimeControl "180+0"]
[Result "0-1"]

1. e4 Nf6 2. Nc3 e6 3. d4 d5 4. e5 Ne4 5. Nxe4 dxe4 6. Be3 
Nc6 7. Bb5 N@f5 8. N@a5 Nxe3 9. fxe3 B@d7 10. Bxc6 Bxc6 11. Nxc6 bxc6 
12. B@f2 Bb4+ 13. Kf1 N@d2+ 14. Ke2 Ba6+ 15. N@d3 exd3+ 16. cxd3 Bxd3+ 17. Kxd3 
B@e4# 
{Tecumseh resigns} 0-1

[Event "fics rated crazyhouse match"]
[Site "fics, Oklahoma City, OK USA"]
[Date "2001.02.17"]
[White "LINDEGREN"]
[WhiteElo "2380"]
[Black "Tecumseh"]
[BlackElo "2267"]
[TimeControl "180+0"]
[Result "0-1"]

1. e4 Nc6 2. Nc3 Nf6 3. d4 d5 4. exd5 Nxd5 5. Nf3 Nxc3 6. bxc3 
e6 7. Bd3 P@b4 8. N@e2 bxc3 9. Nxc3 Bb4 10. P@b2 P@a3 11. O-O axb2 
12. Bxb2 P@a3 13. Bxa3 Bxa3 14. P@b5 Nxd4 15. Nxd4 Qxd4 16. Ne4 N@h4 17. Qg4 
B@f6 18. N@h5 Bae7 19. Nhxf6+ Bxf6 20. Nxf6+ Qxf6 21. B@g5 N@f3+ 22. Kh1 Nxg5 
23. Qxh4 P@h3 24. gxh3 B@g2+ 25. Kxg2 Qf3+ 26. Kg1 Nxh3+ 27. Qxh3 Qxh3 28. P@g2 
N@f3# 
{LINDEGREN resigns} 0-1

[Event "fics rated crazyhouse match"]
[Site "fics, Oklahoma City, OK USA"]
[Date "2001.02.17"]
[White "Tecumseh"]
[WhiteElo "2278"]
[Black "LINDEGREN"]
[BlackElo "2370"]
[TimeControl "180+0"]
[Result "1-0"]

1. e4 Nf6 2. e5 Nd5 3. Nc3 e6 4. Nxd5 exd5 5. d4 d6 6. Nf3 
Nc6 7. Bb5 Bd7 8. Qe2 N@e4 9. exd6 Bxd6 10. P@d3 P@f5 11. dxe4 fxe4 
12. N@h5 Rg8 13. Bg5 P@f6 14. Bxf6 gxf6 15. N@g7+ Kf8 16. Bxc6 exf3 17. gxf3 
bxc6 18. N@f5 Bb4+ 19. c3 B@b5 20. P@d3 Bxd3 21. Qxd3 B@c4 22. Qd2 N@d3+ 
23. Kd1 Bxf5 24. Nxf5 Qd7 25. B@h6+ Ke8 26. Nhg7+ Kd8 27. P@b7 Rb8 28. cxb4 
P@e4 29. B@e7+ Qxe7 30. Nxe7 Kxe7 31. Nf5+ Ke6 32. B@d7+ Kxd7 33. Q@e7# 
{LINDEGREN checkmated} 1-0

[Event "fics rated crazyhouse match"]
[Site "fics, Oklahoma City, OK USA"]
[Date "2001.02.17"]
[White "LINDEGREN"]
[WhiteElo "2360"]
[Black "Tecumseh"]
[BlackElo "2288"]
[TimeControl "180+0"]
[Result "0-1"]

1. e4 Nc6 2. Nc3 Nf6 3. d4 d5 4. exd5 Nxd5 5. Nf3 e6 6. Bd2 
Nxc3 7. bxc3 N@e4 8. Bd3 Nxd2 9. Qxd2 P@b4 10. O-O bxc3 11. Qxc3 Bb4 
12. Qb3 B@d5 13. c4 Bxf3 14. gxf3 Nxd4 15. Qd1 P@c2 16. Bxc2 P@e2 17. Qxd4 
Qxd4 18. P@g2 exf1=Q+ 19. Rxf1 N@e2+ 20. Kh1 Qxf2 21. Ba4+ P@c6 
{LINDEGREN resigns} 0-1

[Event "fics rated crazyhouse match"]
[Site "fics, Oklahoma City, OK USA"]
[Date "2001.02.17"]
[White "Tecumseh"]
[WhiteElo "2298"]
[Black "LINDEGREN"]
[BlackElo "2350"]
[TimeControl "180+0"]
[Result "0-1"]

1. e4 Nf6 2. e5 Ne4 3. Nc3 Nxf2 4. Kxf2 e6 5. Be2 d6 6. exd6 
Bxd6 7. Nf3 Nc6 8. Rf1 P@h4 9. Kg1 P@g3 10. h3 e5 11. Ne4 Bxh3 
12. gxh3 P@h2+ 13. Kh1 Nd4 14. Ne1 Nxe2 15. Qxe2 B@c6 16. B@a4 Bxa4 17. N@f6+ 
gxf6 18. Nxf6+ Qxf6 19. Rxf6 Bc6+ 20. P@g2 N@f2+ 21. Rxf2 gxf2 22. Qxf2 N@g3+ 
23. Qxg3 hxg3 24. N@f6+ Kd8 25. Q@f1 R@g1# 
{Tecumseh forfeits on time} 0-1

[Event "fics rated crazyhouse match"]
[Site "fics, Oklahoma City, OK USA"]
[Date "2000.02.18"]
[White "Musot"]
[WhiteElo "2216"]
[Black "DKiller"]
[BlackElo "2265"]
[TimeControl "180+0"]
[Result "1-0"]

1. e4 e6 2. d4 Nc6 3. Nf3 Nf6 4. e5 Nd5 5. Be2 d6 6. O-O 
dxe5 7. Nxe5 Bd6 8. Nxc6 bxc6 9. c4 Ne7 10. P@e5 Bb4 11. Nc3 Bxc3 
12. bxc3 Nf5 13. B@e4 P@d5 14. cxd5 exd5 15. Bxf5 Bxf5 16. N@h5 Rg8 17. P@f6 
P@d6 18. Nxg7+ Kd7 19. Nxf5 B@e6 20. Bg4 Bxf5 21. Bxf5+ N@e6 22. B@b7 Rb8 
23. Bxe6+ fxe6 24. Bxc6+ Kxc6 25. N@a5+ Kb6 26. Qb3+ B@b5 27. P@c5+ Kxa5 28. Qa3+ 
B@a4 29. N@b3+ Ka6 30. B@g3 N@e2+ 31. Kh1 Nxc3 32. Bd2 Ne2 33. cxd6 Nxg3+ 
34. hxg3 P@f3 35. Nc5+ Kb6 36. P@a5+ Kc6 37. N@b4# 
{DKiller checkmated} 1-0

[Event "fics rated crazyhouse match"]
[Site "fics, Oklahoma City, OK USA"]
[Date "2000.02.18"]
[White "DKiller"]
[WhiteElo "2256"]
[Black "Musot"]
[BlackElo "2225"]
[TimeControl "180+0"]
[Result "1-0"]

1. e4 e6 2. Nc3 Nc6 3. d4 Nf6 4. e5 Nd5 5. Nxd5 exd5 6. Nf3 
d6 7. Bb5 Be7 8. O-O O-O 9. Bxc6 bxc6 10. N@h5 Bg4 11. Nxg7 Kxg7 
12. N@h6 B@h5 13. Nxg4 Bxg4 14. P@f6+ Bxf6 15. exf6+ Qxf6 16. B@g5 Qf5 17. Nh4 
Qd7 18. Bh6+ Kg8 19. B@e2 Bxe2 20. Qxe2 Rae8 21. Bce3 B@f6 22. B@g5 Bxg5 
23. Bhxg5 B@e4 24. f3 Bg6 25. B@h3 P@e6 26. f4 P@f5 27. Rae1 f6 28. Bh6 
Rf7 29. Bd2 N@e4 30. Rf3 N@g4 31. Bxg4 fxg4 32. Rg3 B@f2+ 33. Qxf2 Nxf2 
34. Kxf2 Bxc2 35. Rxg4+ P@g6 36. B@e3 N@d3+ 37. Kg1 Nxe1 38. Bxe1 R@e2 39. B1f2 
Q@d1+ 40. N@f1 Bd3 41. N@c3 Rxf2 42. Kxf2 Qxf1+ 43. Kg3 N@h5+ 44. Kh3 Bf5 
45. P@f3 Bxg4+ 46. fxg4 Nxf4+ 47. Bhxf4 Qd3 48. N@h6+ Kg7 49. Nxf7 Qxf7 50. Bh6+ 
Kg8 51. R@h8+ Kxh8 52. B@g7+ Qxg7 53. Bxg7+ Kxg7 54. Q@h6+ Kf7 55. Qxh7+ R@g7 
56. N@h6+ Ke7 57. R@f7+ Kd8 58. Qxg7 R@e7 59. Rxe7 Rxe7 60. Qxe7+ Kxe7 61. R@f7+ 
Kd8 62. R@g8+ R@e8 63. Rxe8+ Kxe8 64. R@f8# 
{Musot checkmated} 1-0

[Event "fics rated crazyhouse match"]
[Site "fics, Oklahoma City, OK USA"]
[Date "2000.02.18"]
[White "Musot"]
[WhiteElo "2218"]
[Black "DKiller"]
[BlackElo "2263"]
[TimeControl "180+0"]
[Result "0-1"]

1. e4 e6 2. d4 Nc6 3. Nf3 Nf6 4. e5 Ne4 5. Be2 d5 6. exd6 
Bxd6 7. O-O P@g4 8. Ne1 Nxd4 9. Bxg4 Bxh2+ 10. Kxh2 Qh4+ 11. B@h3 P@g3+ 
12. fxg3 Qxg3+ 13. Kh1 Nf2+ 14. Rxf2 Qxf2 15. N@e4 R@f1+ 16. Kh2 P@g3+ 17. Nxg3 
Qg1# 
{Musot checkmated} 0-1

[Event "fics rated crazyhouse match"]
[Site "fics, Oklahoma City, OK USA"]
[Date "2000.02.18"]
[White "DKiller"]
[WhiteElo "2270"]
[Black "Musot"]
[BlackElo "2211"]
[TimeControl "180+0"]
[Result "0-1"]

1. e4 e6 2. d4 Nc6 3. Nf3 Nf6 4. e5 Ne4 5. Be2 d5 6. exd6 
Bxd6 7. Be3 O-O 8. P@d3 Nf6 9. Nc3 Ng4 10. Qd2 f5 11. h3 Nxe3 
12. fxe3 Bg3+ 13. Kd1 B@a5 14. Kc1 P@e4 15. Ne1 Bxc3 16. Qxc3 N@d5 17. Qd2 
Nxd4 18. exd4 e3 19. Qxe3 Nxe3 20. B@d2 Nd5 21. P@h6 Bxe1 22. Rxe1 P@e3 
23. Bxe3 Nxe3 24. hxg7 B@d2+ 25. Kb1 Bxe1 26. gxf8=Q+ Qxf8 27. N@e5 Q@c1+ 28. Kxc1 
P@d2+ 29. Kb1 R@c1# 
{DKiller checkmated} 0-1

[Event "fics rated crazyhouse match"]
[Site "fics, Oklahoma City, OK USA"]
[Date "2000.02.18"]
[White "Musot"]
[WhiteElo "2220"]
[Black "DKiller"]
[BlackElo "2261"]
[TimeControl "180+0"]
[Result "0-1"]

1. e4 e6 2. d4 Nc6 3. Nc3 Bb4 4. a3 Ba5 5. Nf3 Nf6 6. Bd3 
d5 7. e5 Ne4 8. Bxe4 dxe4 9. Ng5 Qxd4 10. Nxe4 Qxe4+ 11. Be3 Qxg2 
12. N@g3 N@f3+ 13. Ke2 Nfxe5 14. P@d3 B@f3+ 15. Kd2 Bxc3+ 16. bxc3 N@c4+ 17. dxc4 
Nxc4+ 18. Kd3 N6e5+ 19. Kd4 Bxd1 
{Musot resigns} 0-1

[Event "fics rated crazyhouse match"]
[Site "fics, Oklahoma City, OK USA"]
[Date "2000.02.18"]
[White "DKiller"]
[WhiteElo "2268"]
[Black "Musot"]
[BlackElo "2213"]
[TimeControl "180+0"]
[Result "0-1"]

1. e4 e6 2. Nc3 Nc6 3. d4 Nf6 4. e5 Nd5 5. Nf3 d6 6. Nxd5 
exd5 7. Bd3 Be7 8. N@h5 O-O 9. Nxg7 Kxg7 10. P@f6+ Bxf6 11. exf6+ Qxf6 
12. Bg5 Re8+ 13. B@e3 Qe6 14. c3 P@e4 15. Bxe4 Qxe4 16. P@d3 Qe6 17. Qe2 
P@e4 18. dxe4 dxe4 19. Nh4 B@g4 20. f3 P@d3 21. Qf2 N@c2+ 22. Qxc2 dxc2 
23. P@f6+ Kf8 24. fxg4 Q@e2+ 25. Kxe2 Qxg4+ 26. Kf1 P@e2+ 27. Ke1 Qxh4+ 28. Kd2 
N@c4+ 29. Kxc2 Nxe3+ 30. Bxe3 B@d3+ 31. Kc1 Qxf6 32. N@g4 Qg6 33. B@h6+ P@g7 
34. P@f6 gxh6 35. Q@g7+ Qxg7 
{DKiller forfeits on time} 0-1

[Event "fics rated crazyhouse match"]
[Site "fics, Oklahoma City, OK USA"]
[Date "2000.02.18"]
[White "Musot"]
[WhiteElo "2222"]
[Black "DKiller"]
[BlackElo "2259"]
[TimeControl "180+0"]
[Result "0-1"]

1. e4 e6 2. d4 Nc6 3. Nf3 Nf6 4. e5 Ne4 5. Bd3 Nxf2 6. Kxf2 
Nxd4 7. Bg5 Qxg5 8. Nxg5 B@h4+ 9. N@g3 Bxg5 10. Qg4 P@e3+ 11. Kf1 e2+ 
12. Bxe2 N@e3+ 13. Kg1 Nxg4 14. P@f2 Q@e1# 
{Musot resigns} 0-1

[Event "fics rated crazyhouse match"]
[Site "fics, Oklahoma City, OK USA"]
[Date "2000.02.18"]
[White "DKiller"]
[WhiteElo "2266"]
[Black "Musot"]
[BlackElo "2215"]
[TimeControl "180+0"]
[Result "1-0"]

1. e4 e6 2. d4 Nc6 3. Nf3 Nf6 4. Nc3 Bb4 5. Bd3 d5 6. e5 
Ne4 7. Bd2 Nxd2 8. Qxd2 B@e4 9. Bb5 Bxc3 10. bxc3 Bxf3 11. gxf3 N@g2+ 
12. Kd1 N@b2+ 13. Kc1 Nc4 14. Bxc4 dxc4 15. N@h5 B@h6 16. B@e3 Nxe3 17. fxe3 
Nxe5 18. dxe5 Qxd2+ 19. Kxd2 Q@f2+ 20. Kc1 Qxe3+ 21. Kb2 P@a3+ 22. Kb1 Qg5 
23. N@f6+ gxf6 24. Nxf6+ Kd8 25. P@e7+ Kxe7 26. B@c5+ P@d6 27. exd6+ cxd6 28. Bxd6+ 
Kxd6 29. N@e4+ Ke5 30. Q@d6+ Kf5 31. N@e7# 
{Musot checkmated} 1-0

[Event "fics rated crazyhouse match"]
[Site "fics, Oklahoma City, OK USA"]
[Date "2000.02.18"]
[White "Musot"]
[WhiteElo "2208"]
[Black "DKiller"]
[BlackElo "2273"]
[TimeControl "180+0"]
[Result "0-1"]

1. e4 e6 2. d4 Nc6 3. Nf3 Nf6 4. Bd3 d5 5. e5 Ne4 6. O-O 
Rg8 7. Nbd2 Nxd2 8. Bxd2 N@e4 9. c3 Bd7 10. Qc2 f5 11. exf6 gxf6 
12. Bxe4 dxe4 13. Qxe4 B@f5 14. Qe2 P@h3 15. P@g3 hxg2 16. Kxg2 P@e4 17. Nh4 
Qe7 18. N@e3 Nxd4 19. cxd4 P@f3+ 20. Nxf3 exf3+ 21. Qxf3 N@h4+ 22. Kh1 Nxf3 
23. Ba5 Nxh2 24. Rfe1 Nf3 25. P@h2 Nxe1 26. Rxe1 Bc6+ 27. d5 Bxd5+ 28. Nxd5 
P@g2+ 29. Kxg2 Q@e4+ 30. B@f3 P@h3+ 31. Kf1 Qxf3 32. Ne3 Bd3+ 33. P@e2 Qh1+ 
34. N@g1 B@g2# 
{Musot resigns} 0-1

[Event "fics rated crazyhouse match"]
[Site "fics, Oklahoma City, OK USA"]
[Date "2000.02.18"]
[White "DKiller"]
[WhiteElo "2280"]
[Black "Musot"]
[BlackElo "2201"]
[TimeControl "180+0"]
[Result "1-0"]

1. e4 e6 2. e5 Nc6 3. d4 d6 4. exd6 Bxd6 5. Nf3 Nge7 6. Be2 
Nf5 7. P@e3 O-O 8. Nc3 e5 9. d5 Nce7 10. e4 Nh6 11. Bxh6 gxh6 
12. Nb5 Ng6 13. Nxd6 cxd6 14. B@f5 B@b6 15. Bxc8 Bxf2+ 16. Kxf2 Qxc8 17. N@f6+ 
Kh8 18. B@f5 B@b6+ 19. Ke1 Qxf5 20. exf5 B@f2+ 21. Kd2 Bfe3+ 22. Kc3 Bed4+ 
23. Kb3 N@c5+ 24. Kc4 P@g7 25. Nxh7 Kxh7 26. fxg6+ fxg6 27. N@g5+ hxg5 28. Nxg5+ 
Kh6 29. Q@h7+ Kxg5 30. h4+ Kf6 31. B@g5+ Kf7 32. P@e6+ Ke8 33. P@f7+ Rxf7 
34. exf7+ Kxf7 35. R@e7+ Kf8 36. Qxg7# 
{Musot checkmated} 1-0

[Event "fics rated crazyhouse match"]
[Site "fics, Oklahoma City, OK USA"]
[Date "2000.02.18"]
[White "jtp"]
[WhiteElo "2268"]
[Black "venomous"]
[BlackElo "2417"]
[TimeControl "180+0"]
[Result "0-1"]

1. e4 e6 2. d4 Nc6 3. Nf3 Nf6 4. Nc3 Bb4 5. Bg5 h6 6. Bxf6 
Qxf6 7. N@b5 B@a5 8. a3 Bxc3+ 9. Nxc3 d6 10. B@b5 Bd7 11. Bxc6 bxc6 
12. e5 Qe7 13. exd6 cxd6 14. N@c4 Bxc3+ 15. bxc3 P@c7 16. P@e5 N@e4 17. exd6 
cxd6 18. B@b4 P@c7 19. P@e5 B@d5 20. exd6 cxd6 21. Nxd6+ Nxd6 22. Bxd6 Qxd6 
23. P@e5 Qc7 24. N@d6+ Kf8 25. P@f6 Rg8 26. Nxf7 Kxf7 27. P@h7 B@g6 28. hxg8=Q+ 
Kxg8 29. fxg7 N@f7 30. Bd3 P@e4 31. Nh4 N@f4 32. Nxg6 Nxg6 33. B@f6 N@f4 
34. Qg4 exd3 35. Qxf4 B@g5 36. Qg4 d2+ 37. Kf1 P@e2+ 38. Kxe2 N@f4+ 39. Kf1 
Bxg2+ 40. Qxg2 P@e2+ 41. Kg1 e1=Q# 
{jtp forfeits on time} 0-1